Map: Orbital Shipyard

Players

lesha

  • Race: Terran Terran
  • League: Silver

Hypno - Winner!

  • Race: Terran Terran
  • League: Silver

VOD

Have the link to the VOD?

Description

Time

  • Played on: Dec. 11, 2015, 9:17 p.m.
  • Length: 5:12
Show
View Real Time Build Order
Export as new Build Order

lesha Terran 

Build Orders:  

Get SALT Encoding   

  12  0:01  SCV  
  13  0:13  SCV  
  14  0:18  Supply Depot  
  14  0:25  SCV  
  15  0:39  SCV  
  15  0:40  Barracks  
  16  0:51  SCV  
  17  1:03  SCV  
  18  1:15  Command Center  
  18  1:17  SCV  
  19  1:29  Orbital Command  
  19  1:35  Refinery  
  19  1:37  Marine  
  20  1:47  Refinery  
  20  2:00  SCV  
  21  2:01  Supply Depot  
  21  2:09  Marine  
  21  2:13  SCV  
  23  2:25  SCV  
  23  2:28  Orbital Command  
  24  2:37  Barracks Reactor  
  24  2:47  Factory  
  24  2:49  SCV  
  25  2:57  SCV  
  26  3:01  SCV  
  27  3:07  Supply Depot  
  27  3:09  Supply Depot, SCV  
  28  3:15  Marine  
  28  3:16  Marine  
  30  3:28  SCV x2  
  30  3:33  Factory Reactor, Starport  
  32  3:35  Marine  
  32  3:36  Marine  
  32  3:40  SCV x2  
  36  3:48  Engineering Bay  
  36  3:50  Engineering Bay  
  36  3:52  SCV  
  36  3:53  SCV, Marine x2  
  36  3:54  Refinery  
  40  3:58  Refinery  
  40  4:05  SCV x2  
  39  4:48  Factory Tech Lab, Barracks  
  39  4:49  SCV  
  39  4:50  SCV  
Show
View Real Time Build Order
Export as new Build Order

Hypno Terran - Winner!

Build Orders: Cyclone Opening 

Get SALT Encoding   

  12  0:01  SCV  
  13  0:14  SCV  
  13  0:17  Supply Depot  
  14  0:26  SCV  
  15  0:42  Refinery  
  15  0:43  Barracks  
  15  0:53  SCV  
  16  1:05  SCV  
  17  1:16  Refinery  
  17  1:17  SCV  
  18  1:44  Factory  
  18  1:46  Orbital Command  
  18  1:57  Marine  
  18  2:00  Supply Depot  
  19  2:14  SCV  
  20  2:26  SCV  
  21  2:31  Factory Tech Lab  
  21  2:38  Starport, Marine  
  22  2:46  SCV  
  22  2:52  Cyclone  
  22  2:56  Marine  
  26  3:01  SCV  
  27  3:13  Supply Depot  
  27  3:14  Marine  
  28  3:28  Command Center  
  28  3:29  Medivac  
  30  3:44  Siege Tank  
  30  3:46  Marine  
  34  3:55  SCV, Barracks  
Tags
 
Add a new tag
Caveats
  • Supply blocks, unpowered buildings, or Contaminate may cause inaccurate times.
  • Supply counts are checked every 10 seconds.